 Dungeon Crawl Stone Soup version 0.23-a0-373-g305c090 (webtiles) character file.

46 Amnesiac the Digger (level 3, -5/21 HPs)
             Began as an Octopode Earth Elementalist on Oct 25, 2018.
             Slain by a gnoll
             ... wielding a +0 halberd
              (16 damage)
             ... on level 3 of the Dungeon.
             The game lasted 00:01:17 (496 turns).

Amnesiac the Digger (Octopode Earth Elementalist)    Turns: 496, Time: 00:01:17

Health: -5/21      AC:  1    Str:  7    XL:     3   Next: 66%
Magic:  6/6        EV: 13    Int: 18    God:
Gold:   17         SH:  0    Dex: 12    Spells: 4/7 levels left

rFire    . . .     SeeInvis .   (no weapon)
rCold    . . .     Gourm    .   (no shield)
rNeg     . . .     Faith    .   (helmet restricted)
rPois    .         Spirit   .   (no amulet)
rElec    .         Reflect  .   (no ring)
rCorr    .         Harm     .   (no ring)
MR       .....                  (no ring)
Stlth    +++.......             (no ring)
HPRegen  0.07/turn              (no ring)
MPRegen  0.10/turn              (no ring)
                                (no ring)
                                (no ring)

@: no status effects
A: almost no armour, stealthy swim, amphibious, 8 rings, constrict 8, camouflage
1, gelatinous body 1
a: no special abilities


You were on level 3 of the Dungeon.
You were not hungry.

You visited 1 branch of the dungeon, and saw 3 of its levels.

You collected 17 gold pieces.

Inventory:

Missiles
 b - 48 stones (quivered)
Scrolls
 a - a scroll of identify {!r, unknown}
 d - a scroll of magic mapping {!r, unknown}
 e - a scroll of remove curse {!r, unknown}
Potions
 g - a potion of mutation {!q, unknown}
Comestibles
 c - a ration
 f - 5 chunks of flesh


   Skills:
 - Level 2.0 Dodging
 - Level 2.6 Stealth
 + Level 2.6 Spellcasting
 - Level 1.0 Transmutations
 * Level 4.1 Earth Magic


You had 4 spell levels left.
You knew the following spells:

 Your Spells              Type           Power        Failure   Level  Hunger
a - Sandblast             Erth           ###...       3%          1    #......
b - Passwall              Tmut/Erth      ##......     9%          2    ##.....

Your spell library contained the following spells:

 Spells                   Type           Power        Failure   Level  Hunger
 Stone Arrow              Conj/Erth      #.....       22%         3    ###....
 Petrify                  Tmut/Erth      ##......     52%         4    #####..
 Lee's Rapid Deconstruct  Erth           ###.......   65%         5    ######.


Dungeon Overview and Level Annotations

Branches:
Dungeon (3/15)

Altars:


Innate Abilities, Weirdness & Mutations

You cannot wear most types of armour.
You are very stealthy in the water. (Stealth+)
You are amphibious.
You can wear up to eight rings at the same time.
You can use your tentacles to constrict eight enemies at once.
Your skin changes colour to match your surroundings (Stealth+).
Your rubbery body absorbs attacks. (AC +1, EV +1)


Message History

You can't do that in your present form.
You can't do that in your present form.
Unknown command.
Jessica zaps a wand. x2
Jessica zaps a wand.
A goblin comes into view.
There is an open door here.
You touch Jessica.
Jessica is lightly wounded.
Jessica zaps a wand.
You closely miss Jessica.
Jessica is lightly wounded.
Jessica zaps a wand.
You resist with significant effort.
Jessica zaps a wand.
You resist with significant effort.
You barely miss Jessica.
Jessica is lightly wounded.
Jessica zaps a wand.
You resist with significant effort.
The now-empty wand crumbles to dust.
You touch Jessica.
Jessica is severely wounded.
Jessica gestures wildly while chanting.
Jessica blinks!
You touch Jessica.
Jessica is almost dead.
Jessica completely misses you.
You touch Jessica.
You kill Jessica!
Your Earth Magic skill increases to level 4!
You have reached level 3!
Your experience leads to an increase in your attributes!
Increase (S)trength, (I)ntelligence, or (D)exterity?
You feel clever.
You blink.
You touch the goblin.
The goblin is moderately wounded.
The goblin hits you but does no damage.
You touch the goblin.
You kill the goblin!
No target in view!
No target in view!
No target in view!
g - a metallic dark potion {!q}
Things that are here:
a +0 dagger; a +0 robe; the human corpse of Jessica Your transformation is almost over.
You see here a goblin corpse.
You butcher the goblin corpse.
f - 5 chunks of flesh (gained 2)
You see here a goblin skeleton.
There is a stone staircase leading down here.
You fly downwards.
A worm, 2 goblins, 4 gnolls and 10 orcs come into view.
The gnoll shouts! x3; The orc shouts! x2; The orc wizard shouts!
The orc The hobgoblin shouts!
The gnoll shouts!
The orc shouts! x2
Found six items.
There is a stone staircase leading up here.
Your transformation has ended.
The orc wizard points at you and mumbles some strange words.
The puff of frost hits you!
The hobgoblin hits you but does no damage.
The gnoll hits you.
The gnoll hits you from afar with a +0 halberd!
Ouch! That really hurt!
You die...

.......r......
#...........".
#....oo..o..#
##....og..g#
#...)....?.#
#..oo.o.[..#
#..o....g..#
#..oog@.[..#
#....g.wg..#
##........##
##......##
########


You could see a worm, an orc wizard, 4 gnolls, 9 orcs, a quokka, a hobgoblin and
a goblin.

Vanquished Creatures
  Jessica (D:2)
  An adder (D:2)
  A leopard gecko (D:1)
  A giant cockroach (D:2)
  3 jackals (D:2)
  A goblin (D:2)
  3 kobolds (D:1)
11 creatures vanquished.

Notes
Turn   | Place    | Note
-------+----------+-------------------------------------------
     0 | D:1      | Amnesiac the Octopode Earth Elementalist began the quest
                  | for the Orb.
     0 | D:1      | Reached XP level 1. HP: 11/11 MP: 3/3
   237 | D:2      | Reached XP level 2. HP: 14/17 MP: 5/5
   241 | D:2      | Learned a level 2 spell: Passwall
   463 | D:2      | Noticed Jessica
   479 | D:2      | Killed Jessica
   479 | D:2      | Reached skill level 4 in Earth Magic
   479 | D:2      | Reached XP level 3. HP: 21/21 MP: 4/6
   496 | D:3      | Slain by a gnoll

Vault maps used:
D:1:      mrwooster_arrival_statue, grunt_decor_resistance,
          hangedman_glass_teeth, minivault_4, hex_intersection
D:2:      first_ration, uniq_jessica

Skill      XL: |  1  2 |
---------------+-------+-----
Earth Magic    | 4 |  4.1
Dodging        | |  2.0
Stealth        | |  2.6
Spellcasting   | |  2.6
Transmutations | |  1.0

Action                   || total
-------------------------++-------
Melee: Unarmed           ||    33
       Tentacles         ||     8
       Constrict         ||     8
 Cast: Sandblast         ||     2
 Stab: Sleeping          ||     1
Armor: Skin              ||     3
Dodge: Dodged            ||    20

Table legend:
 A = Non-vault XP
 B = Vault XP
 C = Vault XP percentage of total XP
 D = Non-vault monster count
 E = Vault monster count
 F = Vault count percentage of total count
                 A         B        C        D         E       F
            +---------+---------+-------+---------+---------+-------
      Total |      29 |      37 |  56.1 |      10 |       1 |   9.1
            +---------+---------+-------+---------+---------+-------
        D:1 |       7 |       0 |   0.0 |       4 |       0 |   0.0
        D:2 |      22 |      37 |  62.7 |       6 |       1 |  14.3
            +---------+---------+-------+---------+---------+-------
